 Dungeon Crawl Stone Soup version 0.29.1-15-g9cfb28693d (webtiles) character file.

Game seed: 9444283533340016696

71 Sanktem7 the Grave Robber (level 4, -2/32 HPs)
             Began as a Human Necromancer on Mar 14, 2023.
             Killed from afar by Sigmund (3 damage)
             ... with a magic dart
             ... on level 3 of the Dungeon.
             The game lasted 00:09:27 (2703 turns).

Sanktem7 the Grave Robber (Human Necromancer)       Turns: 2703, Time: 00:09:28

Health: -2/32      AC:  3    Str:  8    XL:     4   Next: 47%
Magic:  3/7        EV: 13    Int: 17    God:
Gold:   194        SH:  0    Dex: 19    Spells: 6/7 levels left

rFire   . . .      SeeInvis .   l - +3 dagger of Tenacity {holy, rElec Dex+5, short}
rCold   . . .      Faith    .   (no shield)
rNeg    . . .      Spirit   .   a - +0 robe
rPois   .          Reflect  .   (no helmet)
rElec   +          Harm     .   (no cloak)
rCorr   .          Rampage  .   m - +0 pair of gloves
Will    .....                   (no boots)
Stlth   +.........              (no amulet)
HPRegen 0.10/turn               (no ring)
MPRegen 0.10/turn               (no ring)

@: confused
A: no striking features
a: no special abilities


You were on level 3 of the Dungeon.
You visited 1 branch of the dungeon, and saw 3 of its levels.

You collected 194 gold pieces.


   Skills:
 + Level 1.2 Fighting
 + Level 0.6 Short Blades
 - Level 0.1 Axes
 - Level 0.3 Armour
 + Level 2.6 Dodging
 + Level 2.7 Stealth
 - Level 0.5 Unarmed Combat
 - Level 2.0 Spellcasting
 * Level 4.4 Necromancy


You had 6 spell levels left.
You knew the following spells:

 Your Spells              Type           Power      Damage    Failure   Level
a - Necrotise             Necr           64%        1d7       3%          1

Your spell library contained the following spells:

 Spells                   Type           Power      Damage    Failure   Level
 Vampiric Draining        Necr           16%        2d7       10%         3
 Freeze                   Ice            4%         1d3       19%         1
 Animate Dead             Necr           16%        N/A       30%         4
 Confusing Touch          Hex            1%         N/A       50%         3
 Frozen Ramparts          Ice            2%         1d1       50%         3
 Agony                    Necr           16%        N/A       65%         5
 Hailstorm                Conj/Ice       1%         3d3       88%         4
 Borgnjor's Vile Clutch   Necr/Erth      4%         N/A       91%         5
 Yara's Violent Unravell  Hex/Tmut       0%         3d3       99%         5
 Death Channel            Necr           8%         N/A       99%         6
 Enfeeble                 Hex            0%         N/A       100%        7

Inventory:

Hand Weapons
 l - the +3 dagger of Tenacity (weapon) {holy, rElec Dex+5, short}
   (You found it on level 2 of the Dungeon)

   It has been blessed by the Shining One to cause great damage to the undead
   and demons.
   Dex:       It affects your dexterity (+5).
   rElec:     It insulates you from electricity.
Missiles
 i - 30 stones {throwing}
Armour
 a - a +0 robe (worn)
 m - a +0 pair of gloves (worn)
   (You found it on level 2 of the Dungeon)
Wands
 d - a wand of flame (26)
   (You found it on level 2 of the Dungeon)
 k - a wand of paralysis (3)
   (You found it on level 2 of the Dungeon)
Scrolls
 b - a scroll of vulnerability {unknown}
 c - a scroll of immolation {unknown}
 g - 3 scrolls of identify {unknown}
 h - a scroll of fear {unknown}
 n - a scroll of teleportation {unknown}
Potions
 e - a potion of brilliance {unknown}
 f - 3 potions of heal wounds {unknown}
 j - 3 potions of flight {unknown}
 o - a potion of curing {unknown}
 p - a potion of degeneration {unknown}

Dungeon Overview and Level Annotations

Branches:
Dungeon (3/15) Zot: 15295

Altars:
Dithmenos
Xom

Annotations:
D:3 Sigmund

#############
##.....#.....##
##..........?..## #
#...............########
..#......@........##......
#......{Z.>.......##......
#.......J.........##......
#.................##......
###.........<.............
#.......(.....####......
#.#.####.#######........
...#.. #...#####.###.###
## ....####.)##...###.###


You could see an endoplasm and a friendly kobold skeleton.


Message History

i - 30 stones {throwing} (gained 5)
You see here a +0 dagger {short}. 😎 MP[+1]
Your mp is fully restored (7).
An endoplasm comes into view.
Sigmund shouts!
Casting: Necrotise (safe; 3% risk of failure)
Confirm with . or Enter, or press ? or * to list all spells.
Aiming: Necrotise (safe; 3% risk of failure)
Press: ? - help, Shift-Dir - straight line, f - Sigmund
Aim: Sigmund, wielding a +0 scythe and wearing a +0 robe (chance to affect: 80%) Sigmund barely resists. 😎 MP[-1]
You lost 1 mp, and now have 6/7 mp.
Casting: Necrotise (safe; 3% risk of failure)
Confirm with . or Enter, or press ? or * to list all spells.
Aiming: Necrotise (safe; 3% risk of failure)
Press: ? - help, Shift-Dir - straight line, f/p - Sigmund
Aim: Sigmund, wielding a +0 scythe and wearing a +0 robe (ally target, chance to affect: 80%) Sigmund writhes in agony. 😎 MP[-1]
You lost 1 mp, and now have 5/7 mp.
Casting: Necrotise (safe; 3% risk of failure)
Confirm with . or Enter, or press ? or * to list all spells.
Aiming: Necrotise (safe; 3% risk of failure)
Press: ? - help, Shift-Dir - straight line, f/p - Sigmund
Aim: Sigmund, wielding a +0 scythe and wearing a +0 robe (moderately wounded, ally target, chance to affect: 80%) Sigmund writhes in agony. 😎 MP[-1]
You lost 1 mp, and now have 4/7 mp.
Casting: Necrotise (safe; 3% risk of failure)
Confirm with . or Enter, or press ? or * to list all spells.
Aiming: Necrotise (safe; 3% risk of failure)
Press: ? - help, Shift-Dir - straight line, f/p - Sigmund
Aim: Sigmund, wielding a +0 scythe and wearing a +0 robe (heavily wounded, ally target, chance to affect: 80%) Sigmund writhes in agony.
Sigmund hits you from afar with a +0 scythe! 😮 HP[-8] MP[-1]
You take 8 damage, and now have 24/32 hp.
MASSIVE DAMAGE!! (PAUSE)
You lost 1 mp, and now have 3/7 mp.
Your kobold skeleton closely misses Sigmund.
Sigmund hits you from afar with a +0 scythe. 😮 HP[-6]
You take 6 damage, and now have 18/32 hp.
Casting: Necrotise (safe; 3% risk of failure)
Confirm with . or Enter, or press ? or * to list all spells.
Aiming: Necrotise (safe; 3% risk of failure)
Press: ? - help, Shift-Dir - straight line, f/p - Sigmund
Aim: Sigmund, wielding a +0 scythe and wearing a +0 robe (severely wounded, ally target, chance to affect: 80%) Sigmund writhes in agony.
Your kobold skeleton hits Sigmund.
Sigmund gestures wildly while chanting.
Sigmund flickers and vanishes!
Deactivating autopickup; reactivate with Ctrl-A. 😮 MP[-1]
You lost 1 mp, and now have 2/7 mp.
Casting: Necrotise (safe; 3% risk of failure)
Confirm with . or Enter, or press ? or * to list all spells.
You can't see any susceptible monsters within range! (Use Z to cast anyway.)
The endoplasm quivers.
Something hits you!
* * * LOW HITPOINT WARNING * * *
You see here a +0 robe. 😱 HP[-12]
You take 12 damage, and now have 6/32 hp.
MASSIVE DAMAGE!! (PAUSE)
You closely miss something. You hit something.
You hear some strange, mumbled words.
You are confused. 😱 HP[+1] MP[+1] Are you sure you want to stumble around while confused and next to your kobold skeleton?
Uppercase [Y]es or [N]o only, please.
Are you sure you want to stumble around while confused and next to your kobold skeleton?
Uppercase [Y]es or [N]o only, please.
Are you sure you want to stumble around while confused and next to your kobold skeleton?
Okay, then.
Are you sure you want to stumble around while confused and next to your kobold skeleton?
Something hits you.
* * * LOW HITPOINT WARNING * * *
😱 HP[-5]
You take 5 damage, and now have 2/32 hp.
You're too confused to move!
Something hits you.
* * * LOW HITPOINT WARNING * * *
😱 HP[-1]
You take 1 damage, and now have 1/32 hp.
Are you sure you want to stumble around while confused and next to your kobold skeleton?
Okay, then.
Are you sure you want to stumble around while confused and next to your kobold skeleton?
Okay, then.
Are you sure you want to stumble around while confused and next to your kobold skeleton? [Y]es or [N]o only, please.
Are you sure you want to stumble around while confused and next to your kobold skeleton?
Okay, then.
Are you sure you want to stumble around while confused and next to your kobold skeleton?
The endoplasm attacks as you move away! The endoplasm misses you.
A magic dart appears from out of thin air!
The magic dart hits you.
You die...

Skill      XL: |  1  2  3 |
---------------+----------+-----
Fighting       | 1 |  1.2
Short Blades   | |  0.6
Axes           | |  0.1
Armour         | |  0.3
Dodging        | |  2.6
Stealth        | |  2.7
Unarmed Combat | |  0.5
Spellcasting   | |  2.0
Necromancy     | |  4.4

Action                   |  1- 3 |  4- 6 || total
-------------------------+-------+-------++-------
Melee: Hand axe          |    10 |       ||    10
       Dagger            |     2 |     2 ||     4
 Cast: Necrotise         |    52 |     8 ||    60
  Use: Potion            |     1 |       ||     1
Armor: Robe              |     3 |       ||     3
       Chain mail        |    16 |       ||    16
Dodge: Dodged            |    24 |     2 ||    26

Levels and vault maps discovered:
D:1:      saegor_arrival_simple_a, layout_loops_ring
D:2:      layout_loops_ring, grunt_ministairs_7
D:3:      layout_rooms, mainiacjoe_overflow_big_doors,
          biasface_ghost_orc_armoury, serial_shops, shop, uniq_sigmund

Notes
Turn   | Place    | Note
-------+----------+-------------------------------------------
     0 | D:1      | Sanktem7 the Human Necromancer began the quest for the Orb.
     0 | D:1      | Reached XP level 1. HP: 13/13 MP: 3/3
     0 | D:1      | magus.rc [v1.9.6]
    47 | D:1      | You pick up a book of Unlife and begin reading...
    47 | D:1      | You add the spells Borgnjor's Vile Clutch and Death Channel
                  | to your library.
   138 | D:1      | HP: 3/13 [jackal (1)]
   423 | D:1      | You fall into a shaft and drop 1 floor!
   429 | D:2      | Reached XP level 2. HP: 19/19 MP: 3/5
   742 | D:1      | Reached XP level 3. HP: 25/25 MP: 0/6
  1702 | D:2      | You pick up a book of Misfortune and begin reading...
  1702 | D:2      | You add the spells Confusing Touch, Yara's Violent
                  | Unravelling and Enfeeble to your library.
  1945 | D:2      | Identified the +3 dagger of Tenacity {holy, rElec Dex+5}
  2284 | D:3      | Found a shadowy altar of Dithmenos.
  2297 | D:3      | Found a shimmering altar of Xom.
  2300 | D:3      | Reached skill level 1 in Fighting
  2321 | D:3      | You pick up a book of Frost and begin reading...
  2321 | D:3      | You add the spells Freeze, Frozen Ramparts and Hailstorm to
                  | your library.
  2404 | D:3      | Reached XP level 4. HP: 11/32 MP: 0/7
  2665 | D:3      | Noticed Sigmund
  2697 | D:3      | HP: 6/32 [something (12)]
  2700 | D:3      | HP: 2/32 [something (5)]
  2703 | D:3      | Killed from afar by Sigmund

Vanquished Creatures
  A jelly (D:3)
  A dart slug (D:2)
  2 endoplasms
  A giant cockroach (D:1)
  4 goblins
  A hobgoblin (D:1)
  2 jackals (D:1)
  A quokka (D:2)
  7 ball pythons
  2 bats
  4 frilled lizards
  2 kobolds
  4 rats
32 creatures vanquished.

Vanquished Creatures (collateral kills)
  2 goblins
  A jackal (D:1)
  A kobold (D:1)
  A frilled lizard (D:1)
  A rat (D:2)
6 creatures vanquished.

Grand Total: 38 creatures vanquished

Table legend:
 A = Non-vault XP
 B = Vault XP
 C = Vault XP percentage of total XP
 D = Non-vault monster count
 E = Vault monster count
 F = Vault count percentage of total count
                 A         B        C        D         E       F
            +---------+---------+-------+---------+---------+-------
      Total |      99 |       3 |   2.9 |      36 |       2 |   5.3
            +---------+---------+-------+---------+---------+-------
        D:1 |      24 |       0 |   0.0 |      16 |       0 |   0.0
        D:2 |      22 |       3 |  12.0 |      14 |       2 |  12.5
        D:3 |      53 |       0 |   0.0 |       6 |       0 |   0.0
            +---------+---------+-------+---------+---------+-------

Illustrated notes

Table legend:
 A = Kills in this place as a percentage of kills in entire the game.
 B = Kills by you in this place as a percentage of kills by you in the entire game.
 C = Kills by friends in this place as a percentage of kills by friends in the entire game.
 D = Other kills in this place as a percentage of other kills in the entire game.
 E = Experience gained in this place as a percentage of experience gained in the entire game.
 F = Experience gained in this place divided by the number of levels of this place that you have seen.
                   A       B       C       D       E      F
               +-------+-------+-------+-------+-------+----------------------
         Total | 100.0 | 100.0 | 100.0 |   N/A | 100.0 |  34.0
       Dungeon | 100.0 | 100.0 | 100.0 |   N/A | 100.0 |  34.0
               +-------+-------+-------+-------+-------+----------------------

Table legend: (Time is in decaauts)
 A = Elapsed time spent in this place.
 B = Non-inter-level travel time spent in this place.
 C = Inter-level travel time spent in this place.
 D = Time resting spent in this place.
 E = Time spent auto-exploring this place.
 F = Levels seen in this place.
 G = Mean time per level.
                   A        B        C        D        E       F      G
               +--------+--------+--------+--------+--------+-----+--------+
         Total |   2703 |   2594 |    109 |    199 |   1799 |   3 |  901.0 |
       Dungeon |   2703 |   2594 |    109 |    199 |   1799 |   3 |  901.0 |
               +--------+--------+--------+--------+--------+-----+--------+

Top non-repeatable levels by time:
     D:1: 1233 daAuts
     D:2: 1016 daAuts
     D:3: 454 daAuts
